 Dungeon Crawl Stone Soup version 0.29.1-2-gbd0b4ee654 (webtiles) character file.

Game seed: 5618223183165959227

8992 Ivernyr the Unseen (level 11, -3/81 HPs)
             Began as a Naga Enchanter on Oct 29, 2022.
             Was an Elder of Cheibriados.
             Slain by a four-headed hydra (15 damage)
             ... on level 11 of the Dungeon.
             The game lasted 00:30:35 (12900 turns).

Ivernyr the Unseen (Naga Enchanter)                Turns: 12900, Time: 00:30:35

Health: -3/81      AC:  5    Str: 21    XL:     11   Next: 39%
Magic:  8/22       EV: 10    Int: 28    God:    Cheibriados [****..]
Gold:   759        SH:  0    Dex: 27    Spells: 7/25 levels left

rFire   . . .      SeeInvis +   u - +6 dagger of the Living Dead {freeze, Contam rPois rCorr Dex+5}
rCold   . . .      Faith    .   (no shield)
rNeg    . . .      Spirit   .   b - +0 robe
rPois   +          Reflect  .   (no helmet)
rElec   .          Harm     .   o - +0 cloak
rCorr   +          Rampage  .   (no gloves)
Will    +....                   (no barding)
Stlth   +++++++...              n - amulet of the acrobat
HPRegen 0.23/turn               l - +4 ring of slaying
MPRegen 0.18/turn               v - ring of Moodiness {Fly Dex+2}

@: flying, slowed, very slow
A: AC +3, large, see invisible, deformed body, poison resistance, slowness 2,
spit poison 1, naga tail 1
a: Spit Poison, Renounce Religion, Bend Time, Temporal Distortion, Slouch


You were on level 11 of the Dungeon.
You worshipped Cheibriados.
Cheibriados was greatly pleased with you.
You visited 2 branches of the dungeon, and saw 12 of its levels.

You collected 759 gold pieces.

Inventory:

Hand Weapons
 u - the +6 dagger of the Living Dead (weapon) {freeze, Contam rPois rCorr Dex+5}
   (You found it on level 5 of the Dungeon)

   It freezes those it strikes, dealing additional cold damage.
   It can also slow down cold-blooded creatures.
   Dex:       It affects your dexterity (+5).
   rPois:     It protects you from poison.
   Contam:    It causes magical contamination when unequipped.
   rCorr:     It protects you from acid and corrosion.
Missiles
 x - a throwing net
Armour
 b - a +0 robe (worn)
 o - a +0 cloak (worn)
Jewellery
 l - a +4 ring of slaying (left hand)
 n - an amulet of the acrobat (around neck)
 v - the ring of Moodiness (right hand) {Fly Dex+2}
   (You found it on level 5 of the Dungeon)

   [ring of flight]

   Dex:       It affects your dexterity (+2).
   Fly:       It grants you flight.
 C - a ring of resist corrosion
 E - a ring of magical power
Wands
 p - a wand of light (3)
 A - a wand of iceblast (13)
 D - a wand of digging (15)
Scrolls
 c - 5 scrolls of teleportation
 d - 5 scrolls of identify {unknown}
 f - a scroll of brand weapon {unknown}
 h - a scroll of enchant armour {unknown}
 k - 3 scrolls of immolation {unknown}
 m - 2 scrolls of amnesia {unknown}
 r - 3 scrolls of poison {unknown}
 y - a scroll of fear {unknown}
 B - 4 scrolls of blinking {unknown}
 F - a scroll of magic mapping {unknown}
 G - a scroll of butterflies {unknown}
 H - 2 scrolls of vulnerability {unknown}
Potions
 a - 3 potions of haste {unknown}
 e - 2 potions of attraction {unknown}
 g - 6 potions of curing {unknown}
 i - 3 potions of degeneration {unknown}
 j - 2 potions of lignification {unknown}
 q - 2 potions of flight {unknown}
 s - 3 potions of might {unknown}
 t - a potion of mutation {unknown}
 w - 2 potions of resistance {unknown}
 z - 2 potions of heal wounds {unknown}


   Skills:
 + Level 7.9 Short Blades
 - Level 1.5 Dodging
 * Level 17.1 Stealth
 + Level 7.5 Spellcasting
 - Level 6.5 Hexes
 + Level 5.0 Ice Magic


You had 7 spell levels left.
You knew the following spells:

 Your Spells              Type           Power      Damage    Failure   Level
a - Ensorcelled Hibernat  Hex/Ice        86%        N/A       1%          2
b - Confusing Touch       Hex            47%        N/A       1%          3
c - Tukima's Dance        Hex            47%        N/A       1%          3
d - Dazzling Flash        Conj/Hex       56%        N/A       4%          3
e - Frozen Ramparts       Ice            76%        1d12      1%          3
f - Hailstorm             Conj/Ice       24%        3d7       19%         4

Your spell library contained the following spells:

 Spells                   Type           Power      Damage    Failure   Level
 Freeze                   Ice            100%       1d11      1%          1
 Static Discharge         Conj/Air       10%        3-5/arc   8%          2
 Anguish                  Hex/Necr       14%        N/A       14%         4
 Gell's Gravitas          Tloc           10%        N/A       16%         3
 Teleport Other           Tloc           10%        N/A       16%         3
 Yara's Violent Unravell  Hex/Tmut       14%        3d7       36%         5
 Animate Dead             Necr           10%        N/A       45%         4
 Dispel Undead            Necr           10%        3d9       45%         4
 Sticky Flame             Conj/Fire      10%        2d3       45%         4
 Freezing Cloud           Conj/Ice/Air   9%         6-21      58%         5
 Simulacrum               Ice/Necr       12%        N/A       96%         6
 Enfeeble                 Hex            23%        N/A       96%         7
 Dispersal                Tloc           5%         N/A       100%        6
 Infestation              Necr           5%         N/A       100%        8
 Polar Vortex             Ice            19%        N/A       100%        9


Dungeon Overview and Level Annotations

Branches:
Dungeon (11/15)            Temple (1/1) D:4            Lair (0/5) D:11
    Orc (0/2) D:9

Altars:
Ashenzari
Cheibriados
Dithmenos
Elyvilon
Gozag
Sif Muna
Uskayaw
Wu Jian
Xom
Zin

Shops:
D:4 [[(*[

Annotations:
D:9 3 runed translucent doors, Earthwalker's ghost, novice MiAK


Innate Abilities, Weirdness & Mutations

Your serpentine skin is tough. (AC +3)
You have supernaturally acute eyesight. (SInv)
Armour fits poorly on your strangely shaped body.
Your system is resistant to poisons. (rPois)
You cover ground very slowly.
You can spit poison.
You have a snake-like lower body.


Message History

The efreet barely misses you.
Casting: Ensorcelled Hibernation (safe; 1% risk of failure)
Confirm with . or Enter, or press ? or * to list all spells.
Aiming: Ensorcelled Hibernation (safe; 1% risk of failure)
Press: ? - help, Shift-Dir - straight line, f - efreet
Aim: an efreet, wielding a +0 scimitar of flaming (chance to affect: 67%)
The efreet struggles to resist.
The efreet barely misses you.
Casting: Ensorcelled Hibernation (safe; 1% risk of failure)
Confirm with . or Enter, or press ? or * to list all spells.
Aiming: Ensorcelled Hibernation (safe; 1% risk of failure)
Press: ? - help, Shift-Dir - straight line, f/p - efreet
Aim: an efreet, wielding a +0 scimitar of flaming (chance to affect: 67%)
The efreet struggles to resist.
The efreet gestures at you.
The fireball explodes!
The fireball engulfs you!!
The fireball engulfs the efreet.
The efreet completely resists.
You hear a roar!
You hear a horrible gurgling sound!
Casting: Ensorcelled Hibernation (safe; 1% risk of failure)
Confirm with . or Enter, or press ? or * to list all spells.
Aiming: Ensorcelled Hibernation (safe; 1% risk of failure)
Press: ? - help, Shift-Dir - straight line, f/p - efreet
Aim: an efreet, wielding a +0 scimitar of flaming (chance to affect: 67%)
The four-headed hydra easily resists.
The four-headed hydra bites you but does no damage.
The four-headed hydra bites you.
* * * LOW HITPOINT WARNING * * *
The four-headed hydra closely misses you.
The four-headed hydra bites you.
* * * LOW HITPOINT WARNING * * *
Casting: Ensorcelled Hibernation (safe; 1% risk of failure)
Confirm with . or Enter, or press ? or * to list all spells.
Aiming: Ensorcelled Hibernation (safe; 1% risk of failure)
Press: ? - help, Shift-Dir - straight line, f - four-headed hydra, p - efreet
Aim: a four-headed hydra (moderately wounded, chance to affect: 32%)
The four-headed hydra easily resists.
The four-headed hydra bites you but does no damage.
The four-headed hydra bites you.
* * * LOW HITPOINT WARNING * * *
The four-headed hydra bites you!
You die...

###.####.##
#..#
####.####.#
#..#
#.........#
#..#
#.###.#####
#..# #.# #(#
##..# #.#
#.#######..#
#.# #.#.......#
#.# #...(.....#
#.# ###.####.@#
#.# #.# ##.DR#
#.# #.# #.##.#
#.# #.# #.# .#
#.# ##.## #.#
.# #.#
#.^.####.. .#
#.####.........
.
#............^#
##############


You could see a four-headed hydra and an efreet.

Vanquished Creatures
  3 two-headed ogres
  An unseen horror (D:10)
  Psyche (D:8)
  A hornet (D:9)
  Grinder (D:4)
  3 wyverns
  A wraith (D:11)
  12 yaks
  A basilisk (D:11)
  2 steam dragons
  Menkaure (D:6)
  3 water moccasins (D:9)
  Duvessa (D:4)
  5 orc warriors
  4 ice beasts
  2 black bears
  An ogre (D:7)
  3 centaurs
  A kobold brigand (D:9)
  3 bullfrogs
  A gnoll sergeant (D:6)
  8 scorpions
  Dowan (D:4)
  2 howler monkeys (D:9)
  5 hounds
  5 jellies
  3 orc priests
  Ijyb (D:4)
  3 iguanas
  6 orc wizards
  9 gnolls
  7 adders
  A white imp (D:6)
  An ufetubus (D:6)
  2 worms
  24 orcs
  3 endoplasms
  5 giant cockroaches
  8 hobgoblins
  3 quokkas
  8 ball pythons
  3 bats
  A frilled lizard (D:2)
  3 goblins
  8 kobolds
  8 rats
179 creatures vanquished.

Vanquished Creatures (others)
  A goblin (D:4)
1 creature vanquished.

Grand Total: 180 creatures vanquished

Notes
Turn   | Place    | Note
-------+----------+-------------------------------------------
     0 | D:1      | Ivernyr the Naga Enchanter began the quest for the Orb.
     0 | D:1      | Reached XP level 1. HP: 15/15 MP: 3/3
   349 | D:1      | Reached XP level 2. HP: 17/22 MP: 5/5
   352 | D:1      | Learned a level 2 spell: Ensorcelled Hibernation
   651 | D:1      | Reached skill level 5 in Stealth
  1456 | D:2      | Reached XP level 3. HP: 28/28 MP: 4/6
  2730 | D:3      | Reached XP level 4. HP: 23/36 MP: 7/7
  3094 | D:4      | Noticed a black bear
  3101 | D:3      | Reached skill level 6 in Stealth
  3149 | D:3      | Killed a black bear
  3150 | D:3      | Reached skill level 7 in Stealth
  3150 | D:3      | Reached XP level 5. HP: 5/42 MP: 1/9
  3449 | D:4      | Reached XP level 6. HP: 18/49 MP: 6/10
  3678 | D:4      | Learned a level 3 spell: Confusing Touch
  3682 | D:4      | Learned a level 3 spell: Tukima's Dance
  3696 | D:4      | Found Plog's Antique Armour Emporium.
  3762 | D:4      | Found Byrghishra's Antique Armour Shop.
  3808 | D:4      | Noticed Grinder
  3809 | D:4      | Paralysed by Grinder for 2 turns
  3830 | D:4      | Paralysed by Grinder for 5 turns
  3843 | D:4      | Killed Grinder
  3844 | D:4      | Reached skill level 8 in Stealth
  3844 | D:4      | Reached XP level 7. HP: 20/55 MP: 3/12
  4023 | D:4      | Noticed Ijyb
  4024 | D:4      | Found Alynid's Weapon Shop.
  4024 | D:4      | Noticed Duvessa
  4024 | D:4      | Noticed Dowan
  4055 | D:4      | Killed Ijyb
  4209 | D:4      | Killed Duvessa
  4210 | D:4      | Reached skill level 9 in Stealth
  4213 | D:4      | HP: 1/55 [Dowan/+0 dagger (5)]
  4536 | D:4      | Killed Dowan
  4763 | D:4      | Found Hefiduh's Assorted Antiques.
  4804 | D:4      | Noticed a steam dragon
  4840 | D:4      | Killed a steam dragon
  4841 | D:4      | Reached XP level 8. HP: 41/62 MP: 10/14
  4982 | D:4      | Found Avysa's Armour Shoppe.
  4996 | D:4      | Found a staircase to the Ecumenical Temple.
  5020 | Temple   | Entered the Ecumenical Temple
  5026 | Temple   | Became a worshipper of Cheibriados the Contemplative
  5341 | D:5      | Entered Level 5 of the Dungeon
  5504 | D:5      | Reached skill level 10 in Stealth
  5504 | D:5      | Reached skill level 5 in Hexes
  5534 | D:5      | Identified the +6 dagger of the Living Dead {freeze, Contam
                  | rPois rCorr Dex+5}
  5852 | D:5      | Identified the ring of Moodiness {Fly Dex+2}
  6605 | D:5      | Reached skill level 11 in Stealth
  7065 | D:6      | Reached * piety under Cheibriados
  7284 | D:6      | Found an ornate altar of the Wu Jian Council.
  7287 | D:6      | Found a hide-covered altar of Uskayaw.
  7290 | D:6      | Found a shimmering altar of Xom.
  7325 | D:6      | Reached XP level 9. HP: 68/68 MP: 13/16
  7330 | D:6      | Reached skill level 5 in Short Blades
  7330 | D:6      | Reached skill level 5 in Spellcasting
  7435 | D:6      | Found a broken altar of Ashenzari.
  7526 | D:6      | Noticed Menkaure
  7540 | D:6      | Reached skill level 12 in Stealth
  7541 | D:6      | Killed Menkaure
  8603 | D:7      | Found a glowing silver altar of Zin.
  8641 | D:7      | Reached ** piety under Cheibriados
  8671 | D:7      | Learned a level 3 spell: Dazzling Flash
  8840 | D:7      | Reached skill level 13 in Stealth
  9744 | D:8      | Got the Quarto of Evil
  9822 | D:8      | Noticed Psyche
  9832 | D:8      | Killed Psyche
  9833 | D:8      | Reached skill level 1 in Ice Magic
  9911 | D:8      | Reached XP level 10. HP: 49/75 MP: 12/19
 10066 | D:8      | Reached skill level 14 in Stealth
 10553 | D:9      | Reached *** piety under Cheibriados
 10728 | D:9      | Found a runed translucent gate.
 10741 | D:9      | Noticed a kobold demonologist
 10741 | D:9      | Found a runed translucent gate.
 10742 | D:9      | Found a runed translucent gate.
 10773 | D:9      | Noticed a kobold demonologist
 10773 | D:9      | Noticed Earthwalker's ghost (novice MiAK)
 10774 | D:9      | Noticed a kobold demonologist
 11108 | D:9      | Reached skill level 15 in Stealth
 11112 | D:9      | Learned a level 3 spell: Frozen Ramparts
 11264 | D:9      | Found a staircase to the Orcish Mines.
 11672 | D:10     | Entered Level 10 of the Dungeon
 11673 | D:10     | Noticed a two-headed ogre
 11681 | D:10     | Killed a two-headed ogre
 11911 | D:10     | Noticed an unseen horror
 11920 | D:10     | Killed an unseen horror
 11921 | D:10     | Reached skill level 16 in Stealth
 12010 | D:10     | Reached XP level 11. HP: 70/81 MP: 18/21
 12078 | D:10     | Reached **** piety under Cheibriados
 12131 | D:10     | Found an opulent altar of Gozag.
 12151 | D:10     | Learned a level 4 spell: Hailstorm
 12752 | D:11     | Found a staircase to the Lair.
 12876 | D:11     | Noticed a two-headed ogre
 12882 | D:11     | Killed a two-headed ogre
 12882 | D:11     | Noticed a two-headed ogre
 12893 | D:11     | Noticed a four-headed hydra
 12894 | D:11     | Killed a two-headed ogre
 12895 | D:11     | Reached skill level 17 in Stealth
 12895 | D:11     | Reached skill level 5 in Ice Magic
 12900 | D:11     | Slain by a four-headed hydra

Illustrated notes

Levels and vault maps discovered:
D:1:      shiori_arrival_elements, layout_basic
D:2:      layout_loops_ring
D:3:      layout_loops_cross
D:4:      layout_rooms, temple_green, serial_shops, nicolae_shop_statue_plus,
          shop_fountains, shop_coins, nicolae_inconvenience_store,
          nicolae_shop_advertising_works [nicolae_subvault_shop_adworks],
          uniq_duvessa, uniq_grinder, uniq_ijyb
D:5:      layout_basic
D:6:      layout_loops_corners, grunt_temple_overflow_cloverleaf, uniq_menkaure
D:7:      lemuel_ice_spiral_2, layout_basic, overflow_temple_1_default,
          hangedman_decor_points
D:8:      layout_loops_cross, uniq_psyche
D:9:      layout_roguey, david_orc_2, gammafunk_ghost_nasty_kobolds
D:10:     layout_gridville, kennysheep_mini_moat
D:11:     minmay_the_grid_octo_tiled_squarecenter_mashed
          [minmay_the_grid_octo_focus, minmay_the_grid_octo_chip,
          minmay_the_grid_octo_checkered, minmay_the_grid_octo_fat_diamond,
          minmay_the_grid_square_5x5_megaprize_checkered,
          minmay_the_grid_square_5x5_bite, minmay_the_grid_square_5x5_bridge,
          minmay_the_grid_square_5x5_shrine1,
          minmay_the_grid_square_5x5_checkered_sparse], layout_loops_ring,
          uniq_harold, uniq_grum
Temple:   eino_temple_rhombus

Skill      XL: |  1  2  3  4  5  6  7  8  9 10 11 |
---------------+----------------------------------+-----
Stealth        | 5 7 8 9 11 13 16 17 | 17.1
Short Blades   | 2 3 4 6 7 |  7.9
Spellcasting   | 3 4 6 7 |  7.5
Hexes          | 4 5 6 |  6.5
Ice Magic      | 1 4 5 |  5.0
Dodging        | |  1.5

Action                   |  1- 3 |  4- 6 |  7- 9 | 10-12 || total
-------------------------+-------+-------+-------+-------++-------
Melee: Dagger            |    79 |    52 |   149 |    75 ||   355
       Punch             |       |     1 |     1 |     3 ||     5
 Cast: Ensorcelled Hiber |    13 |    11 |    64 |    58 ||   146
       Confusing Touch   |       |     2 |     7 |     3 ||    12
       Tukima's Dance    |       |     1 |     1 |       ||     2
Invok: Bend Time         |       |       |       |     1 ||     1
 Abil: Spit Poison       |     5 |     5 |     9 |     1 ||    20
  Use: Potion            |       |       |     2 |       ||     2
       Scroll            |       |       |       |     1 ||     1
 Stab: Sleeping          |    18 |     9 |    45 |    42 ||   114
       Confused          |       |     1 |     4 |     3 ||     8
       Distracted        |       |       |     2 |     1 ||     3
Armor: Robe              |    15 |    18 |    20 |    27 ||    80
Dodge: Dodged            |    35 |    30 |   125 |    71 ||   261
